 Dungeon Crawl Stone Soup version 0.28.0-53-g5a82cb258f (webtiles) character file.

Game seed: 3486421292474142455

506 issech the Chopper (level 6, -22/55 HPs)
             Began as a Minotaur Monk on May 28, 2022.
             Killed from afar by Ijyb (29 damage)
             ... with a bolt of acid
             ... on level 5 of the Dungeon.
             The game lasted 00:09:46 (3626 turns).

issech the Chopper (Minotaur Monk)                  Turns: 3626, Time: 00:09:46

Health: -22/55     AC:  9    Str: 16    XL:     6   Next: 97%
Magic:  5/5        EV:  8    Int:  7    God:
Gold:   170        SH:  0    Dex: 14    Spells: 5/5 levels left

rFire   . . .      SeeInvis .   f - +2 hand axe (flame)
rCold   . . .      Faith    .   (no shield)
rNeg    . . .      Spirit   .   a - +0 chain mail
rPois   .          Reflect  .   (helmet restricted)
rElec   .          Harm     .   (no cloak)
rCorr   .          Rampage  .   (no gloves)
Will    .....                   (no boots)
Stlth   ..........              (no amulet)
HPRegen 0.18/turn               (no ring)
MPRegen 0.09/turn               (no ring)

@: no status effects
A: horns 2, retaliatory headbutt
a: no special abilities


You were on level 5 of the Dungeon.
You visited 1 branch of the dungeon, and saw 5 of its levels.

You collected 170 gold pieces.

Inventory:

Hand Weapons
 d - a +0 scythe
 f - a +2 hand axe of flaming (weapon)
 g - a +0 hunting sling
Missiles
 l - a boomerang (quivered)
 m - 48 stones
 o - 2 poisoned darts
 p - 35 arrows
 v - 21 sling bullets
Armour
 a - a +0 chain mail (worn)
 k - a +2 robe of willpower
 x - a +1 robe of willpower
Magical Staves
 t - a staff of air
Wands
 u - a wand of digging (8)
Scrolls
 c - 2 scrolls of noise {unknown}
 e - 3 scrolls of fear {unknown}
 h - 4 scrolls of identify {unknown}
 n - a scroll of teleportation {unknown}
 q - 2 scrolls of vulnerability {unknown}
Potions
 b - a potion of resistance {unknown}
 i - 2 potions of heal wounds {unknown}
 j - 2 potions of curing {unknown}
 r - a potion of lignification {unknown}
 s - a potion of haste
 w - a potion of might {unknown}
 z - 2 potions of flight {unknown}


   Skills:
 + Level 4.8 Fighting
 + Level 6.5 Axes
 + Level 3.2 Armour
 + Level 4.3 Dodging
 + Level 3.2 Stealth


You had 5 spell levels left.
You didn't know any spells.
Your spell library contained the following spells:

 Spells                   Type           Power      Damage    Failure   Level
 Sublimation of Blood     Necr           0%         N/A       100%        2
 Petrify                  Tmut/Erth      0%         N/A       100%        4
 Irradiate                Conj/Tmut      0%         3d13      100%        5


Dungeon Overview and Level Annotations

Branches:
Dungeon (5/15)             Temple (0/1) D:5

Altars:
Elyvilon

Annotations:
D:4 Dowan, Duvessa
D:5 Ijyb


Innate Abilities, Weirdness & Mutations

You have a pair of horns on your head.
You reflexively headbutt those who attack you in melee.


Message History

Duvessa hits you with a +0 rapier!
You closely miss Dowan. You hit Duvessa. You burn Duvessa.
Dowan hits you with a +1 dagger of freezing.
Dowan freezes you. Duvessa hits you with a +0 rapier.
You completely miss Dowan. You barely miss Duvessa.
Dowan hits you but does no damage.
Duvessa says, "Where magic fails, the sword succeeds!"
Duvessa hits you with a +0 rapier.
You barely miss Dowan. You hit Duvessa. You burn Duvessa.
Dowan hits you with a +1 dagger of freezing.
Dowan freezes you. Duvessa hits you but does no damage.
Dowan casts a spell at you. The puff of flame hits you!
* * * LOW HITPOINT WARNING * * *
Dowan points at you and mumbles some strange words.
The puff of flame hits you!
* * * LOW HITPOINT WARNING * * *
Dowan gestures at you while chanting. You resist with some effort.
Dowan gestures at you while chanting. The puff of flame hits you.
* * * LOW HITPOINT WARNING * * *
Items here: ))))) ††††.
You see here a hobgoblin corpse.
Things that are here:
a +0 dagger; a hobgoblin corpse Duvessa says, "Where magic fails, the sword succeeds!"
There is a stone staircase leading down here.
You climb downwards.
Found a staircase to the Ecumenical Temple.
There is a stone staircase leading up here.
A centaur zombie comes into view.
Ijyb the Twisted Goblin comes into view.
She is wielding a +1 spectral club and carrying a wand of acid (2).
Ijyb shouts!
There is a staircase to the Ecumenical Temple here.
The centaur zombie hits you but does no damage.
The centaur zombie kicks you but does no damage.
Ijyb zaps a wand.
The bolt of acid hits you!!
Ouch! That really hurt!
You die...

#. ###.# #
#..... .## #
#.#... ..#.##
#....###.....#
##...........
####.. #.Z...#
.....###..@..#
#...#.....#..
#............#
#<#...###...##
#....##...#
g.##
........##...#
.##
.....##........
# .####
#.#.##.### #.#.
.#


You could see Ijyb and a centaur zombie.

Vanquished Creatures
  Sigmund (D:2)
  A water moccasin skeleton (D:2)
  An orc priest (D:3)
  Terence (D:3)
  An orc wizard (D:2)
  Natasha (twice) (D:4)
  2 hound skeletons (D:4)
  Robin (D:4)
  2 adders
  3 adder skeletons (D:4)
  2 worms (D:2)
  4 dart slugs
  9 orcs
  8 ball pythons
  6 endoplasms
  6 giant cockroaches
  14 goblins
  14 hobgoblins
  2 jackals (D:1)
  6 kobolds
  A quokka (D:1)
  5 bats
  3 frilled lizards (D:1)
  6 rats
101 creatures vanquished.

Vanquished Creatures (others)
  A plant (D:1)
1 creature vanquished.

Grand Total: 102 creatures vanquished

Notes
Turn   | Place    | Note
-------+----------+-------------------------------------------
     0 | D:1      | issech the Minotaur Monk began the quest for the Orb.
     0 | D:1      | Reached XP level 1. HP: 19/19 MP: 0/0
   185 | D:1      | Reached XP level 2. HP: 20/27 MP: 1/1
   188 | D:1      | Reached skill level 4 in Axes
   444 | D:1      | Reached XP level 3. HP: 33/33 MP: 2/2
   555 | D:1      | Found a faded altar of an unknown god.
   946 | D:2      | Reached XP level 4. HP: 22/40 MP: 3/3
  1287 | D:2      | Noticed Sigmund
  1327 | D:2      | Killed Sigmund
  1328 | D:2      | Reached skill level 5 in Axes
  1328 | D:2      | Reached skill level 1 in Armour
  1328 | D:2      | Reached XP level 5. HP: 32/47 MP: 4/4
  1723 | D:2      | Reached XP level 6. HP: 42/53 MP: 5/5
  1868 | D:3      | Noticed Terence
  1875 | D:3      | Killed Terence
  2125 | D:3      | Found a white marble altar of Elyvilon.
  3006 | D:4      | Reached skill level 6 in Axes
  3116 | D:4      | Noticed Natasha
  3122 | D:4      | Killed Natasha
  3417 | D:4      | Noticed Natasha
  3423 | D:4      | Killed Natasha
  3493 | D:4      | Noticed Robin
  3510 | D:4      | Killed Robin
  3578 | D:4      | Noticed Duvessa
  3579 | D:4      | Noticed Dowan
  3598 | D:4      | HP: 2/55 [Dowan/puff of flame (5)]
  3619 | D:5      | Entered Level 5 of the Dungeon
  3619 | D:5      | Found a staircase to the Ecumenical Temple.
  3625 | D:5      | Noticed Ijyb
  3626 | D:5      | Killed from afar by Ijyb

Illustrated notes

Levels and vault maps discovered:
D:1:      dpeg_arrival_windows_large_door, layout_basic,
          shapermc_ecumenical_altar_ellora, minmay_quantized
D:2:      layout_loops_cross, st_stairs_13, nrook_campfire,
          chequers_serial_rivers_marsh, uniq_sigmund
D:3:      layout_loops_ring, lemuel_round_altar, amcnicky_mini_pool_small,
          uniq_terence
D:4:      layout_basic, uniq_duvessa, uniq_robin, uniq_natasha
D:5:      layout_loops_ring, minmay_temple_entry_tees, uniq_ijyb

Skill      XL: |  1  2  3  4  5  6 |
---------------+-------------------+-----
Axes           | 4 5 6 |  6.5
Fighting       | 4 |  4.8
Stealth        | 2 3 |  3.2
Armour         | 1 2 3 |  3.2
Dodging        | 4 |  4.3

Action                   |  1- 3 |  4- 6 || total
-------------------------+-------+-------++-------
Melee: Hand axe          |    51 |   148 ||   199
       Headbutt          |     7 |    25 ||    32
       Punch             |       |     2 ||     2
 Stab: Sleeping          |     2 |     1 ||     3
Armor: Robe              |     2 |       ||     2
       Leather armour    |     9 |     5 ||    14
       Chain mail        |       |    66 ||    66
Dodge: Dodged            |    37 |    51 ||    88
